Inferno vs Gangsters (R1)

Created - 4 octobre 2014 at 19:28

Goals
1 2 3 OT1 SO T
Inferno 1 2 2 0 1 6
Gangsters 3 0 2 0 0 5
Shots
1 2 3 OT1 SO T
Inferno 7 8 19 0 4 34
Gangsters 7 11 14 1 4 33

1st period

1. Gangsters , Ryan Keller 4 (Igor Radulov, Ville Koistinen) at 7:03
2. Inferno , Brian Boyle 2 (Andrej Sekera) at 16:34
3. Gangsters , Mikko Lehtonen 2 (Artem Anisimov, Jaroslav Balastik) at 17:12
4. Gangsters , Igor Radulov 7 (Jaroslav Balastik) at 17:40

Penalties :
Tyler Shattock (Anc) for Boarding (Minor) at 4:07, Jonathan Ferland (Anc) for Diving (Minor) at 7:42, Brad Marchand (Anc) for Charging (Minor) at 17:23, Ville Koistinen (Bro) for Interference (Minor) at 17:27

2nd period

5. Inferno , Andrej Sekera 2 (Brian Boyle, Jonathan Ferland) at 8:48
6. Inferno , Jonathan Ferland 3 (Brad Marchand, Colin Wilson) at 17:14 (PP)

Penalties :
Colin Wilson (Anc) for High sticking (Minor) at 2:05, Simon Danis-Pepin (Anc) for Tripping (Minor) at 6:23, Alexandre Bolduc (Bro) for Hooking (Minor) at 8:55, Michael Sdao (Bro) for High sticking (Minor) at 12:04, Jaroslav Balastik (Bro) for Hooking (Minor) at 17:07

3rd period

7. Gangsters , Alexandre Bolduc 3 (Ryan Keller) at 0:59
8. Gangsters , Ville Koistinen 1 (Alexandre Bolduc, Igor Radulov) at 4:07 (PP)
9. Inferno , Jonathan Ferland 4 (Mark Mitera, Brad Marchand) at 15:34
10. Inferno , Colin Wilson 6 (Brian Boyle, Mark Mitera) at 19:01

Penalties :
Stephane Veilleux (Anc) for Roughing (Minor) at 3:59, Brad Marchand (Anc) for Tripping (Minor) at 9:21, Ben Holmstrom (Bro) for Roughing (Minor) at 19:48

Overtime #1

No Goal

Penalties :
No Penalty

Shootout

Penalty Shot by Stephane Veilleux for Inferno - Shot Misses the Net
Penalty Shot by Igor Radulov for Gangsters - Stopped by Josh Harding
Penalty Shot by Colin Wilson for Inferno - Stopped by David LeNeveu
Penalty Shot by Jaroslav Balastik for Gangsters - Shot Misses the Net
Penalty Shot by Brad Marchand for Inferno - Stopped by David LeNeveu
Penalty Shot by Ryan Keller for Gangsters - Shot Misses the Net
Penalty Shot by Jonathan Ferland for Inferno - Goal!
Penalty Shot by Chris Bourque for Gangsters - Stopped by Josh Harding

Penalties :
No Penalty

Goalie Stats

Jonathan Boutin (Anc), 18 saves from 23 shots - (0,783), 44:07 minutes
Josh Harding (Anc), 10 saves from 10 shots - (1,000), W, 4-1-0, 20:53 minutes
David LeNeveu (Bro), 29 saves from 34 shots - (0,853), OTL, 1-0-3, 65:00 minutes

Players Stats for Inferno

Player Name              G  A  P  +/- PIM S  H  SB GA TA FO     MP     PP MP  PK MP  
------------------------------------------------------------------------------------
Alex Berry               0  0  0   1  0   1  1  0  0  0  0/0    10:02   0:00   0:00 
Andrej Sekera            1  1  2  -1  0   6  1  1  2  0  0/0    31:02   2:06   5:38 
Brad Marchand            0  2  2   0  4   3  2  1  0  0  1/3    21:27   2:34   3:27 
Brendan Mikkelson        0  0  0  -1  0   1  0  2  1  0  0/0    23:00   2:14   4:29 
Brian Boyle              1  2  3   2  0   3  2  0  0  0  5/16   16:44   0:00   5:12 
Cal O'Reilly             0  0  0   0  0   0  1  0  0  0  0/2     8:11   0:00   1:42 
Colin Wilson             1  1  2  -1  2   3  0  0  1  0  20/37  19:37   2:34   0:00 
David Ullstrom           0  0  0   1  0   0  1  0  0  0  0/0    10:02   0:00   0:00 
Jonathan Ferland         2  1  3   0  2   7  5  0  2  1  1/2    23:25   2:30   4:22 
Mark Mitera              0  2  2   2  0   1  1  0  0  1  0/0    15:29   0:00   4:03 
Matt Kassian             0  0  0   0  0   0  1  0  0  0  0/0     7:53   0:04   0:09 
Pavel Vorobiev           0  0  0  -1  0   5  3  0  1  0  0/0    16:14   1:46   0:00 
Simon Danis-Pepin        0  0  0   3  2   0  0  0  0  0  0/0    11:58   0:00   0:26 
Stephane Veilleux        0  0  0  -1  2   3  2  0  1  0  0/0    18:41   1:46   2:19 
Travis Hamonic           0  0  0  -1  0   0  3  1  1  0  0/0    31:02   2:06   5:38 
Tyler Shattock           0  0  0   0  2   1  0  0  0  0  0/0     6:27   0:00   0:00 
Vladimir Sobotka         0  0  0  -1  0   0  0  0  0  0  4/9    18:43   1:46   3:03 
Yannick Weber            0  0  0  -1  0   0  0  0  0  1  0/0    17:54   2:14   0:00 

Players Stats for Gangsters

Player Name              G  A  P  +/- PIM S  H  SB GA TA FO     MP     PP MP  PK MP  
------------------------------------------------------------------------------------
Alexandre Bolduc         1  1  2   0  2   7  2  3  0  1  16/33  20:25   4:46   0:27 
Artem Anisimov           0  1  1  -1  0   0  1  0  1  0  6/9    15:33   4:53   0:00 
Ben Holmstrom            0  0  0   0  2   0  0  0  0  0  4/5    12:04   0:00   0:56 
Brett Ponich             0  0  0   1  0   0  1  0  0  0  0/0     1:51   0:00   0:00 
Bryan Young              0  0  0   1  0   3  1  3  0  2  0/0    30:03   6:24   4:01 
Chris Bourque            0  0  0   0  0   0  1  1  0  0  1/1    12:02   0:02   1:31 
Colten Teubert           0  0  0  -1  0   0  0  2  0  1  0/0    21:33   3:43   2:07 
Curtis McKenzie          0  0  0   0  0   0  0  0  0  0  0/0     0:16   0:00   0:05 
Dave Dziurzynski         0  0  0   0  0   0  0  1  0  0  0/1     8:17   0:00   0:00 
Gabriel Dumont           0  0  0   0  0   0  0  0  0  0  0/0     0:06   0:06   0:00 
Igor Radulov             1  2  3   1  0   5  2  1  0  1  6/13   25:15   4:50   3:40 
Jaroslav Balastik        0  2  2   0  2   3  2  0  0  0  0/0    21:14   5:05   3:02 
Luke Gazdic              0  0  0   0  0   0  0  0  0  0  0/0     0:00   0:00   0:00 
Matt Delahey             0  0  0   0  0   0  0  2  0  0  0/0    13:32   0:00   0:00 
Maxime Sauvé             0  0  0  -1  0   0  0  1  0  0  3/4    13:05   1:18   0:00 
Michael Sdao             0  0  0  -1  2   0  0  0  0  0  0/0    11:22   0:00   0:00 
Mikko Lehtonen           1  0  1   0  0   4  1  0  1  0  1/1    19:42   3:11   0:00 
Nathan Moon              0  0  0   0  0   0  0  0  0  0  0/0     0:00   0:00   0:00 
Phil McRae               0  0  0   0  0   0  0  0  0  0  0/0     0:00   0:00   0:00 
Richard Panik            0  0  0   0  0   2  0  0  0  0  0/1    10:01   0:24   0:00 
Ryan Jones               0  0  0   0  0   0  0  0  0  0  0/0     1:48   0:56   0:00 
Ryan Keller              1  1  2   0  0   7  6  0  0  0  1/1    21:56   4:50   0:47 
Shaun Heska              0  0  0  -1  0   1  3  1  1  1  0/0    21:33   3:43   2:07 
Ville Koistinen          1  1  2   1  2   1  2  1  0  3  0/0    30:14   6:23   4:01 

3 Stars

1 - Brian Boyle (Anc)
2 - Jonathan Ferland (Anc)
3 - Igor Radulov (Bro)

Power Play

Inferno - 1 on 5 Attempt(s) - 20,00%
Gangsters - 1 on 7 Attempt(s) - 14,29%

Penalty Kill

Inferno - 6 on 7 Attempt(s) - 85,71% - Score 0 goal in Penalty Kill
Gangsters - 4 on 5 Attempt(s) - 80,00% - Score 0 goal in Penalty Kill

Official

Referees : Jackson Dave and LaRue Dennis
Linesman : Lyle Seitz and Derek Nansen

Game Notes

Ryan Jones is injured at 7:30 of 1st period (Torso)
Josh Harding enters game at 4:07 of 3rd period

Finance

Level 1 -- Attendance: 1373 (68,65%) -- Ticket Income 48 055 $
Level 2 -- Attendance: 701 (70,10%) -- Ticket Income 10 515 $
Total Attendance: 2074 (69,13%)
Total Ticket Income: 58 570 $
Other Income: 2 928 $
Total Income: 61 498 $

Inferno

5 vs 5 Forward 
   Center                   Left Wing                Right Wing               Time % Phy DF OF 
 1 Colin Wilson             Brad Marchand            Jonathan Ferland         40     1   2  2  
 2 Vladimir Sobotka         Stephane Veilleux        Pavel Vorobiev           30     1   2  2  
 3 Brian Boyle              David Ullstrom           Alex Berry               20     1   2  2  
 4 Cal O'Reilly             Matt Kassian             Tyler Shattock           10     1   2  2  

5 vs 5 Defense 
   Defense                  Defense                                           Time % Phy DF OF 
 1 Travis Hamonic           Andrej Sekera                                     40     1   2  2  
 2 Brendan Mikkelson        Yannick Weber                                     30     1   2  2  
 3 Simon Danis-Pepin        Mark Mitera                                       20     1   2  2  
 4 Travis Hamonic           Andrej Sekera                                     10     1   2  2  

PowerPlay Forward 
   Center                   Left Wing                Right Wing               Time % Phy DF OF 
 1 Colin Wilson             Brad Marchand            Jonathan Ferland         60     1   1  3  
 2 Vladimir Sobotka         Stephane Veilleux        Pavel Vorobiev           40     1   1  3  

PowerPlay Defense
   Defense                  Defense                                           Time % Phy DF OF 
 1 Travis Hamonic           Andrej Sekera                                     60     1   1  3  
 2 Brendan Mikkelson        Yannick Weber                                     40     1   1  3  

Penalty Kill 4 Players Forward 
   Center                   Wing                     Time % Phy DF OF 
 1 Brian Boyle              Jonathan Ferland         60     1   4  0  
 2 Vladimir Sobotka         Brad Marchand            40     1   4  0  

Penalty Kill 4 Players Defense
   Defense                  Defense                  Time % Phy DF OF 
 1 Travis Hamonic           Andrej Sekera            60     1   4  0  
 2 Brendan Mikkelson        Mark Mitera              40     1   4  0  

Penalty Kill - 3 Players Forward 
   Forward                                           Time % Phy DF OF 
 1 Brad Marchand                                     60     1   4  0  
 2 Jonathan Ferland                                  40     1   4  0  

Penalty Kill - 3 Players Defense
   Defense                  Defense                  Time % Phy DF OF 
 1 Travis Hamonic           Andrej Sekera            60     1   4  0  
 2 Brendan Mikkelson        Mark Mitera              40     1   4  0  

4 vs 4 Forward 
   Center                   Wing                     Time % Phy DF OF 
 1 Colin Wilson             Brad Marchand            60     1   2  2  
 2 Vladimir Sobotka         Jonathan Ferland         40     1   2  2  

4 vs 4 Defense
   Defense                  Defense                  Time % Phy DF OF 
 1 Travis Hamonic           Andrej Sekera            60     1   2  2  
 2 Brendan Mikkelson        Yannick Weber            40     1   2  2  

Last Minutes Offensive
   Center                   Left Wing                Right Wing               Defense                  Defense                  
   Colin Wilson             Brad Marchand            Jonathan Ferland         Travis Hamonic           Andrej Sekera            

Last Minutes Defensive
   Center                   Left Wing                Right Wing               Defense                  Defense                  
   Colin Wilson             Brad Marchand            Jonathan Ferland         Travis Hamonic           Andrej Sekera            

Goaltenders
Starting : Jonathan Boutin          
Backup : Josh Harding             

Extra Forwards
Normal : Brad Marchand, Jonathan Ferland, Pavel Vorobiev - PP : Stephane Veilleux, Cal O'Reilly - PK : Brad Marchand
Extra Defensemen
Normal : Andrej Sekera, Travis Hamonic, Brendan Mikkelson - PP : Yannick Weber - PK : Brendan Mikkelson, Andrej Sekera
Penalty Shots
Stephane Veilleux, Colin Wilson, Brad Marchand, Jonathan Ferland, Pavel Vorobiev

Gangsters

5 vs 5 Forward 
   Center                   Left Wing                Right Wing               Time % Phy DF OF 
 1 Alexandre Bolduc         Igor Radulov             Ryan Keller              40     1   2  2  
 2 Artem Anisimov           Jaroslav Balastik        Ryan Jones               30     1   2  2  
 3 Maxime Sauvé             Chris Bourque            Mikko Lehtonen           20     1   2  2  
 4 Ben Holmstrom            Dave Dziurzynski         Richard Panik            10     1   2  2  

5 vs 5 Defense 
   Defense                  Defense                                           Time % Phy DF OF 
 1 Ville Koistinen          Bryan Young                                       40     1   2  2  
 2 Shaun Heska              Colten Teubert                                    30     1   2  2  
 3 Matt Delahey             Michael Sdao                                      20     1   2  2  
 4 Brett Ponich             Ville Koistinen                                   10     1   2  2  

PowerPlay Forward 
   Center                   Left Wing                Right Wing               Time % Phy DF OF 
 1 Alexandre Bolduc         Igor Radulov             Ryan Keller              60     1   2  2  
 2 Artem Anisimov           Jaroslav Balastik        Ryan Jones               40     1   2  2  

PowerPlay Defense
   Defense                  Defense                                           Time % Phy DF OF 
 1 Ville Koistinen          Bryan Young                                       60     1   2  2  
 2 Shaun Heska              Colten Teubert                                    40     1   2  2  

Penalty Kill 4 Players Forward 
   Center                   Wing                     Time % Phy DF OF 
 1 Igor Radulov             Jaroslav Balastik        60     1   2  2  
 2 Ryan Keller              Chris Bourque            40     1   2  2  

Penalty Kill 4 Players Defense
   Defense                  Defense                  Time % Phy DF OF 
 1 Ville Koistinen          Bryan Young              60     1   2  2  
 2 Shaun Heska              Colten Teubert           40     1   2  2  

Penalty Kill - 3 Players Forward 
   Forward                                           Time % Phy DF OF 
 1 Igor Radulov                                      60     1   2  2  
 2 Jaroslav Balastik                                 40     1   2  2  

Penalty Kill - 3 Players Defense
   Defense                  Defense                  Time % Phy DF OF 
 1 Ville Koistinen          Bryan Young              60     1   2  2  
 2 Shaun Heska              Colten Teubert           40     1   2  2  

4 vs 4 Forward 
   Center                   Wing                     Time % Phy DF OF 
 1 Igor Radulov             Jaroslav Balastik        60     1   2  2  
 2 Ryan Keller              Chris Bourque            40     1   2  2  

4 vs 4 Defense
   Defense                  Defense                  Time % Phy DF OF 
 1 Ville Koistinen          Bryan Young              60     1   2  2  
 2 Shaun Heska              Colten Teubert           40     1   2  2  

Last Minutes Offensive
   Center                   Left Wing                Right Wing               Defense                  Defense                  
   Alexandre Bolduc         Igor Radulov             Ryan Keller              Ville Koistinen          Bryan Young              

Last Minutes Defensive
   Center                   Left Wing                Right Wing               Defense                  Defense                  
   Alexandre Bolduc         Igor Radulov             Ryan Keller              Ville Koistinen          Bryan Young              

Goaltenders
Starting : David LeNeveu            
Backup : Dustin Tokarski          

Extra Forwards
Normal : Mikko Lehtonen, Maxime Sauvé, Ben Holmstrom - PP : Mikko Lehtonen, Maxime Sauvé - PK : Ben Holmstrom
Extra Defensemen
Normal : Matt Delahey, Michael Sdao, Brett Ponich - PP : Matt Delahey - PK : Michael Sdao, Brett Ponich
Penalty Shots
Igor Radulov, Jaroslav Balastik, Ryan Keller, Chris Bourque, Alexandre Bolduc

% Time on Ice - Inferno

Lines # - Real PCT - Wanted PCT - Time Play
Normal Forward
1 - 33% - 40% - 14:28
2 - 29% - 30% - 12:43
3 - 23% - 20% - 10:02
4 - 15% - 10% - 6:21
Normal Defense
1 - 43% - 40% - 18:48
2 - 34% - 30% - 14:40
3 - 21% - 20% - 9:13
4 - 2% - 10% - 0:53
PP Forward
1 - 59% - 60% - 2:34
2 - 41% - 40% - 1:46
PP Defense
1 - 48% - 60% - 2:06
2 - 52% - 40% - 2:14
PK Forward
1 - 69% - 60% - 7:01
2 - 31% - 40% - 3:06
PK Defense
1 - 56% - 60% - 5:38
2 - 44% - 40% - 4:29
PK3 Forward
1 - 0% - 60%
2 - 0% - 40%
PK3 Defense
1 - 0% - 60%
2 - 0% - 40%
44 Forward
1 - 83% - 60% - 5:44
2 - 17% - 40% - 1:11
44 Defense
1 - 68% - 60% - 4:44
2 - 32% - 40% - 2:11
Last Minute Offensive  - 0:04
Last Minute Defensive  - 0:00
Total
Forward - 65:00
Defense - 65:00

% Time on Ice - Gangsters

Lines # - Real PCT - Wanted PCT - Time Play
Normal Forward
1 - 34% - 40% - 14:44
2 - 27% - 30% - 11:50
3 - 20% - 20% - 8:40
4 - 19% - 10% - 8:17
Normal Defense
1 - 38% - 40% - 16:39
2 - 33% - 30% - 14:20
3 - 25% - 20% - 10:42
4 - 4% - 10% - 1:50
PP Forward
1 - 48% - 60% - 4:52
2 - 52% - 40% - 5:15
PP Defense
1 - 63% - 60% - 6:24
2 - 37% - 40% - 3:43
PK Forward
1 - 82% - 60% - 3:33
2 - 18% - 40% - 0:47
PK Defense
1 - 72% - 60% - 3:06
2 - 28% - 40% - 1:14
PK3 Forward
1 - 77% - 60% - 1:23
2 - 23% - 40% - 0:25
PK3 Defense
1 - 51% - 60% - 0:55
2 - 49% - 40% - 0:53
44 Forward
1 - 74% - 60% - 3:46
2 - 26% - 40% - 1:21
44 Defense
1 - 73% - 60% - 3:44
2 - 27% - 40% - 1:23
Last Minute Offensive  - 0:00
Last Minute Defensive  - 0:07
Total
Forward - 65:00
Defense - 65:00

Play by Play

1st period


0:01 of 1st period - Brad Marchand wins face-off versus Alexandre Bolduc in neutral zone.
0:08 of 1st period - Snap shot by Jonathan Ferland.
0:08 of 1st period - Stopped by David LeNeveu with a rebound.
0:26 of 1st period - Jaroslav Balastik is hit by Travis Hamonic and loses puck.
0:37 of 1st period - Wrist shot by Pavel Vorobiev.
0:37 of 1st period - Shot Misses the Net.
0:53 of 1st period - Wrist shot by Alex Berry.
0:53 of 1st period - Shot Blocked by Bryan Young.
0:55 of 1st period - Backhand shot by Brendan Mikkelson.
0:55 of 1st period - Deflect By Brian Boyle.
0:55 of 1st period - Shot Blocked by Ville Koistinen.
0:55 of 1st period - Puck is out of play.
0:56 of 1st period - Maxime Sauvé wins face-off versus Cal O'Reilly in Gangsters zone.
1:21 of 1st period - Chris Bourque is hit by Pavel Vorobiev and loses puck.
2:02 of 1st period - Snap shot by Pavel Vorobiev.
2:02 of 1st period - Shot Blocked by Chris Bourque.
3:06 of 1st period - Snap shot by Mikko Lehtonen.
3:06 of 1st period - Stopped by Jonathan Boutin without a rebound.
3:07 of 1st period - Alexandre Bolduc wins face-off versus Colin Wilson in Inferno zone.
3:14 of 1st period - Snap shot by Igor Radulov.
3:14 of 1st period - Stopped by Jonathan Boutin with a rebound.
4:07 of 1st period - Minor Penalty to Tyler Shattock for Boarding.
4:08 of 1st period - Brian Boyle wins face-off versus Alexandre Bolduc in Inferno zone.
4:44 of 1st period - Artem Anisimov is hit by Travis Hamonic and loses puck.
6:07 of 1st period - Penalty to Tyler Shattock is over, Tyler Shattock is back on ice.
6:13 of 1st period - Off-side.
6:14 of 1st period - Ben Holmstrom wins face-off versus Brian Boyle in neutral zone.
6:40 of 1st period - Brett Ponich is hit by Cal O'Reilly and loses puck.
7:03 of 1st period - Slapshot by Ryan Keller.
7:03 of 1st period - Goal by Ryan Keller - Inferno : 0 - Gangsters : 1.
7:04 of 1st period - Alexandre Bolduc wins face-off versus Jonathan Ferland in neutral zone.
7:15 of 1st period - Snap shot by Ryan Keller.
7:15 of 1st period - Stopped by Jonathan Boutin with a rebound.
7:29 of 1st period - Ryan Jones is hit by Brian Boyle and loses puck.
7:30 of 1st period - Ryan Jones from Gangsters is injured at 7:30 of 1st period (Torso).
7:31 of 1st period - Alexandre Bolduc wins face-off versus Colin Wilson in Gangsters zone.
7:31 of 1st period - Alexandre Bolduc is hit by Jonathan Ferland.
7:39 of 1st period - Snap shot by Alexandre Bolduc.
7:39 of 1st period - Stopped by Jonathan Boutin without a rebound.
7:40 of 1st period - Colin Wilson wins face-off versus Alexandre Bolduc in Inferno zone.
7:42 of 1st period - Minor Penalty to Jonathan Ferland for Diving.
7:43 of 1st period - Igor Radulov wins face-off versus Brad Marchand in Inferno zone.
8:09 of 1st period - Brad Marchand is hit by Bryan Young and loses puck.
8:53 of 1st period - Cal O'Reilly is hit by Shaun Heska and loses puck.
9:36 of 1st period - Andrej Sekera is hit by Alexandre Bolduc and loses puck.
9:42 of 1st period - Penalty to Jonathan Ferland is over, Jonathan Ferland is back on ice.
9:51 of 1st period - Mikko Lehtonen is hit by Andrej Sekera and loses puck.
11:35 of 1st period - Wrist shot by Cal O'Reilly.
11:35 of 1st period - Shot Misses the Net.
12:56 of 1st period - Snap shot by Pavel Vorobiev.
12:56 of 1st period - Stopped by David LeNeveu with a rebound.
14:37 of 1st period - Mikko Lehtonen is hit by Jonathan Ferland and loses puck.
14:48 of 1st period - Brian Boyle is hit by Ryan Keller and loses puck.
15:37 of 1st period - Maxime Sauvé is hit by Alex Berry and loses puck.
15:42 of 1st period - Snap shot by Brian Boyle.
15:42 of 1st period - Stopped by David LeNeveu without a rebound.
15:43 of 1st period - Igor Radulov wins face-off versus Colin Wilson in Gangsters zone.
16:34 of 1st period - Snap shot by Brian Boyle.
16:34 of 1st period - Goal by Brian Boyle - Inferno : 1 - Gangsters : 1.
16:35 of 1st period - Colin Wilson wins face-off versus Alexandre Bolduc in neutral zone.
16:40 of 1st period - Snap shot by Jonathan Ferland.
16:40 of 1st period - Stopped by David LeNeveu without a rebound.
16:41 of 1st period - Alexandre Bolduc wins face-off versus Colin Wilson in Gangsters zone.
16:50 of 1st period - Wrist shot by Igor Radulov.
16:50 of 1st period - Shot Misses the Net.
17:10 of 1st period - Snap shot by Artem Anisimov.
17:10 of 1st period - Shot Blocked by Brendan Mikkelson.
17:12 of 1st period - Wrist shot by Mikko Lehtonen.
17:12 of 1st period - Goal by Mikko Lehtonen - Inferno : 1 - Gangsters : 2.
17:13 of 1st period - Alexandre Bolduc wins face-off versus Colin Wilson in neutral zone.
17:23 of 1st period - Minor Penalty to Brad Marchand for Charging.
17:24 of 1st period - Ryan Keller wins face-off versus Brian Boyle in Inferno zone.
17:27 of 1st period - Minor Penalty to Ville Koistinen for Interference.
17:28 of 1st period - Jonathan Ferland wins face-off versus Igor Radulov in Gangsters zone.
17:28 of 1st period - Snap shot by Colin Wilson.
17:28 of 1st period - Shot Blocked by Bryan Young.
17:40 of 1st period - Backhand shot by Igor Radulov.
17:40 of 1st period - Goal by Igor Radulov - Inferno : 1 - Gangsters : 3.
17:41 of 1st period - Colin Wilson wins face-off versus Igor Radulov in neutral zone.
17:46 of 1st period - Snap shot by Andrej Sekera.
17:46 of 1st period - Stopped by David LeNeveu with a rebound.
17:52 of 1st period - Andrej Sekera is hit by Igor Radulov and loses puck.
18:21 of 1st period - Igor Radulov is hit by Stephane Veilleux and loses puck.
19:23 of 1st period - Penalty to Brad Marchand is over, Brad Marchand is back on ice.
19:27 of 1st period - Penalty to Ville Koistinen is over, Ville Koistinen is back on ice.
19:34 of 1st period - Slapshot by Andrej Sekera.
19:34 of 1st period - Stopped by David LeNeveu with a rebound.
19:42 of 1st period - Andrej Sekera is hit by Brett Ponich and loses puck.
Goals for this period are 1 for Inferno vs 3 for Gangsters.
Shots for this period are 7 for Inferno vs 7 for Gangsters.

2nd period


0:01 of 2nd period - Alexandre Bolduc wins face-off versus Brad Marchand in neutral zone.
0:04 of 2nd period - Travis Hamonic is hit by Ryan Keller and loses puck.
0:49 of 2nd period - Pavel Vorobiev is hit by Ville Koistinen and loses puck.
1:08 of 2nd period - Alexandre Bolduc is hit by Jonathan Ferland and loses puck.
1:56 of 2nd period - Snap shot by Ben Holmstrom.
1:56 of 2nd period - Shot Misses the Net.
1:58 of 2nd period - Snap shot by Richard Panik.
1:58 of 2nd period - Stopped by Jonathan Boutin without a rebound.
1:59 of 2nd period - Alexandre Bolduc wins face-off versus Colin Wilson in Inferno zone.
2:00 of 2nd period - Snap shot by Ryan Keller.
2:00 of 2nd period - Stopped by Jonathan Boutin with a rebound.
2:05 of 2nd period - Minor Penalty to Colin Wilson for High sticking.
2:06 of 2nd period - Brian Boyle wins face-off versus Alexandre Bolduc in Inferno zone.
2:18 of 2nd period - Wrist shot by Ryan Keller.
2:18 of 2nd period - Stopped by Jonathan Boutin with a rebound.
2:20 of 2nd period - Wrist shot by Alexandre Bolduc.
2:20 of 2nd period - Deflect By Ryan Keller.
2:20 of 2nd period - Stopped by Jonathan Boutin with a rebound.
2:22 of 2nd period - Slapshot by Bryan Young.
2:22 of 2nd period - Stopped by Jonathan Boutin with a rebound.
2:32 of 2nd period - Artem Anisimov is hit by Brad Marchand and loses puck.
4:05 of 2nd period - Penalty to Colin Wilson is over, Colin Wilson is back on ice.
4:16 of 2nd period - Off-side.
4:17 of 2nd period - Maxime Sauvé wins face-off versus Cal O'Reilly in neutral zone.
4:28 of 2nd period - Travis Hamonic is hit by Chris Bourque and loses puck.
4:41 of 2nd period - Matt Delahey is hit by Pavel Vorobiev and loses puck.
5:07 of 2nd period - Wrist shot by Alexandre Bolduc.
5:07 of 2nd period - Stopped by Jonathan Boutin with a rebound.
5:09 of 2nd period - Slapshot by Alexandre Bolduc.
5:09 of 2nd period - Shot Blocked by Brendan Mikkelson.
5:49 of 2nd period - Snap shot by Pavel Vorobiev.
5:49 of 2nd period - Stopped by David LeNeveu without a rebound.
5:50 of 2nd period - Vladimir Sobotka wins face-off versus Alexandre Bolduc in Gangsters zone.
5:51 of 2nd period - Snap shot by Stephane Veilleux.
5:51 of 2nd period - Shot Misses the Net.
6:15 of 2nd period - Wrist shot by Mikko Lehtonen.
6:15 of 2nd period - Shot Misses the Net.
6:17 of 2nd period - Wrist shot by Mikko Lehtonen.
6:17 of 2nd period - Stopped by Jonathan Boutin without a rebound.
6:18 of 2nd period - Mikko Lehtonen wins face-off versus Colin Wilson in Inferno zone.
6:21 of 2nd period - Wrist shot by Jaroslav Balastik.
6:21 of 2nd period - Stopped by Jonathan Boutin with a rebound.
6:23 of 2nd period - Minor Penalty to Simon Danis-Pepin for Tripping.
6:24 of 2nd period - Alexandre Bolduc wins face-off versus Brian Boyle in Inferno zone.
6:53 of 2nd period - Snap shot by Artem Anisimov.
6:53 of 2nd period - Shot Misses the Net.
7:00 of 2nd period - Icing by Bryan Young.
7:01 of 2nd period - Brian Boyle wins face-off versus Artem Anisimov in Gangsters zone.
7:54 of 2nd period - Slapshot by Mikko Lehtonen.
7:54 of 2nd period - Shot Misses the Net.
8:14 of 2nd period - Slapshot by Shaun Heska.
8:14 of 2nd period - Stopped by Jonathan Boutin without a rebound.
8:15 of 2nd period - Alexandre Bolduc wins face-off versus Brian Boyle in Inferno zone.
8:18 of 2nd period - Wrist shot by Igor Radulov.
8:18 of 2nd period - Stopped by Jonathan Boutin without a rebound.
8:19 of 2nd period - Alexandre Bolduc wins face-off versus Brian Boyle in Inferno zone.
8:22 of 2nd period - Snap shot by Igor Radulov.
8:22 of 2nd period - Shot Misses the Net.
8:23 of 2nd period - Penalty to Simon Danis-Pepin is over, Simon Danis-Pepin is back on ice.
8:30 of 2nd period - Slapshot by Andrej Sekera.
8:30 of 2nd period - Shot Misses the Net.
8:46 of 2nd period - Slapshot by Brian Boyle.
8:46 of 2nd period - Shot Misses the Net.
8:48 of 2nd period - Wrist shot by Andrej Sekera.
8:48 of 2nd period - Goal by Andrej Sekera - Inferno : 2 - Gangsters : 3.
8:49 of 2nd period - Vladimir Sobotka wins face-off versus Alexandre Bolduc in neutral zone.
8:55 of 2nd period - Minor Penalty to Alexandre Bolduc for Hooking.
8:56 of 2nd period - Colin Wilson wins face-off versus Igor Radulov in Gangsters zone.
9:31 of 2nd period - Wrist shot by Pavel Vorobiev.
9:31 of 2nd period - Shot Misses the Net.
9:33 of 2nd period - Wrist shot by Pavel Vorobiev.
9:33 of 2nd period - Stopped by David LeNeveu without a rebound.
9:34 of 2nd period - Igor Radulov wins face-off versus Vladimir Sobotka in Gangsters zone.
10:55 of 2nd period - Penalty to Alexandre Bolduc is over, Alexandre Bolduc is back on ice.
11:21 of 2nd period - Slapshot by Andrej Sekera.
11:21 of 2nd period - Shot Misses the Net.
11:23 of 2nd period - Snap shot by Andrej Sekera.
11:23 of 2nd period - Shot Misses the Net.
12:01 of 2nd period - Backhand shot by Pavel Vorobiev.
12:01 of 2nd period - Stopped by David LeNeveu without a rebound.
12:02 of 2nd period - Artem Anisimov wins face-off versus Vladimir Sobotka in Gangsters zone.
12:04 of 2nd period - Minor Penalty to Michael Sdao for High sticking.
12:05 of 2nd period - Igor Radulov wins face-off versus Colin Wilson in Gangsters zone.
12:15 of 2nd period - Backhand shot by Colin Wilson.
12:15 of 2nd period - Stopped by David LeNeveu without a rebound.
12:16 of 2nd period - Colin Wilson wins face-off versus Igor Radulov in Gangsters zone.
13:23 of 2nd period - Icing by Jonathan Ferland.
13:24 of 2nd period - Colin Wilson wins face-off versus Ben Holmstrom in Inferno zone.
14:04 of 2nd period - Penalty to Michael Sdao is over, Michael Sdao is back on ice.
14:12 of 2nd period - Off-side.
14:13 of 2nd period - Ben Holmstrom wins face-off versus Brian Boyle in neutral zone.
14:24 of 2nd period - Slapshot by Andrej Sekera.
14:24 of 2nd period - Shot Misses the Net.
14:26 of 2nd period - Snap shot by Alex Berry.
14:26 of 2nd period - Stopped by David LeNeveu with a rebound.
14:28 of 2nd period - Wrist shot by Alex Berry.
14:28 of 2nd period - Shot Misses the Net.
14:44 of 2nd period - Jonathan Ferland is hit by Shaun Heska and loses puck.
15:06 of 2nd period - Wrist shot by Pavel Vorobiev.
15:06 of 2nd period - Shot Blocked by Colten Teubert.
15:26 of 2nd period - Slapshot by David Ullstrom.
15:26 of 2nd period - Shot Misses the Net.
16:11 of 2nd period - Snap shot by Cal O'Reilly.
16:11 of 2nd period - Shot Misses the Net.
16:15 of 2nd period - Snap shot by Cal O'Reilly.
16:15 of 2nd period - Shot Misses the Net.
16:45 of 2nd period - Igor Radulov is hit by Travis Hamonic and loses puck.
16:52 of 2nd period - Snap shot by Pavel Vorobiev.
16:52 of 2nd period - Stopped by David LeNeveu with a rebound.
16:54 of 2nd period - Wrist shot by Travis Hamonic.
16:54 of 2nd period - Shot Blocked by Matt Delahey.
17:07 of 2nd period - Minor Penalty to Jaroslav Balastik for Hooking.
17:08 of 2nd period - Colin Wilson wins face-off versus Igor Radulov in Gangsters zone.
17:14 of 2nd period - Snap shot by Jonathan Ferland.
17:14 of 2nd period - Goal by Jonathan Ferland - Inferno : 3 - Gangsters : 3.
17:15 of 2nd period - Colin Wilson wins face-off versus Igor Radulov in neutral zone.
17:30 of 2nd period - Wrist shot by Jonathan Ferland.
17:30 of 2nd period - Shot Blocked by Igor Radulov.
17:40 of 2nd period - Travis Hamonic is hit by Artem Anisimov and loses puck.
18:16 of 2nd period - Icing by Colten Teubert.
18:17 of 2nd period - Colin Wilson wins face-off versus Dave Dziurzynski in Gangsters zone.
18:18 of 2nd period - Snap shot by Brad Marchand.
18:18 of 2nd period - Shot Misses the Net.
18:49 of 2nd period - Slapshot by Stephane Veilleux.
18:49 of 2nd period - Shot Misses the Net.
19:01 of 2nd period - Simon Danis-Pepin is hit by Igor Radulov and loses puck.
19:10 of 2nd period - Wrist shot by Alexandre Bolduc.
19:10 of 2nd period - Stopped by Jonathan Boutin without a rebound.
19:11 of 2nd period - Artem Anisimov wins face-off versus Colin Wilson in Inferno zone.
19:36 of 2nd period - Stephane Veilleux is hit by Ryan Keller and loses puck.
Goals for this period are 2 for Inferno vs 0 for Gangsters.
Shots for this period are 8 for Inferno vs 11 for Gangsters.

3rd period


0:01 of 3rd period - Colin Wilson wins face-off versus Alexandre Bolduc in neutral zone.
0:08 of 3rd period - Wrist shot by Brad Marchand.
0:08 of 3rd period - Stopped by David LeNeveu without a rebound.
0:09 of 3rd period - Colin Wilson wins face-off versus Alexandre Bolduc in Gangsters zone.
0:12 of 3rd period - Snap shot by Jonathan Ferland.
0:12 of 3rd period - Stopped by David LeNeveu with a rebound.
0:14 of 3rd period - Backhand shot by Andrej Sekera.
0:14 of 3rd period - Stopped by David LeNeveu with a rebound.
0:16 of 3rd period - Snap shot by Brad Marchand.
0:16 of 3rd period - Shot Blocked by Alexandre Bolduc.
0:18 of 3rd period - Snap shot by Andrej Sekera.
0:18 of 3rd period - Stopped by David LeNeveu with a rebound.
0:20 of 3rd period - Wrist shot by Jonathan Ferland.
0:20 of 3rd period - Stopped by David LeNeveu with a rebound.
0:24 of 3rd period - Slapshot by Brad Marchand.
0:24 of 3rd period - Stopped by David LeNeveu without a rebound.
0:25 of 3rd period - Artem Anisimov wins face-off versus Vladimir Sobotka in Gangsters zone.
0:42 of 3rd period - Artem Anisimov is hit by Stephane Veilleux and loses puck.
0:59 of 3rd period - Wrist shot by Alexandre Bolduc.
0:59 of 3rd period - Goal by Alexandre Bolduc - Inferno : 3 - Gangsters : 4.
1:00 of 3rd period - Colin Wilson wins face-off versus Alexandre Bolduc in neutral zone.
1:09 of 3rd period - Snap shot by Jonathan Ferland.
1:09 of 3rd period - Shot Hit the Post.
1:25 of 3rd period - Jaroslav Balastik is hit by Pavel Vorobiev and loses puck.
1:32 of 3rd period - Snap shot by Stephane Veilleux.
1:32 of 3rd period - Deflect By Mikko Lehtonen.
1:32 of 3rd period - Shot Misses the Net.
1:32 of 3rd period - Puck is out of play.
1:33 of 3rd period - Vladimir Sobotka wins face-off versus Alexandre Bolduc in Gangsters zone.
1:40 of 3rd period - Snap shot by Alexandre Bolduc.
1:40 of 3rd period - Stopped by Jonathan Boutin without a rebound.
1:41 of 3rd period - Vladimir Sobotka wins face-off versus Alexandre Bolduc in Inferno zone.
1:45 of 3rd period - Off-side.
1:46 of 3rd period - Alexandre Bolduc wins face-off versus Colin Wilson in neutral zone.
2:13 of 3rd period - Stephane Veilleux is hit by Jaroslav Balastik and loses puck.
3:03 of 3rd period - Slapshot by Brendan Mikkelson.
3:03 of 3rd period - Shot Blocked by Alexandre Bolduc.
3:09 of 3rd period - Matt Kassian is hit by Ryan Keller and loses puck.
3:32 of 3rd period - Maxime Sauvé is hit by Jonathan Ferland and loses puck.
3:59 of 3rd period - Minor Penalty to Stephane Veilleux for Roughing.
4:00 of 3rd period - Alexandre Bolduc wins face-off versus Brian Boyle in Inferno zone.
4:03 of 3rd period - Wrist shot by Ryan Keller.
4:03 of 3rd period - Stopped by Jonathan Boutin with a rebound.
4:05 of 3rd period - Snap shot by Igor Radulov.
4:05 of 3rd period - Deflect By Alexandre Bolduc.
4:05 of 3rd period - Stopped by Jonathan Boutin with a rebound.
4:07 of 3rd period - Snap shot by Ville Koistinen.
4:07 of 3rd period - Goal by Ville Koistinen - Inferno : 3 - Gangsters : 5.
4:07 of 3rd period - Josh Harding enters game.
4:08 of 3rd period - Alexandre Bolduc wins face-off versus Colin Wilson in neutral zone.
4:16 of 3rd period - Andrej Sekera is hit by Ville Koistinen and loses puck.
4:19 of 3rd period - Wrist shot by Brad Marchand.
4:19 of 3rd period - Shot Misses the Net.
4:21 of 3rd period - Slapshot by Andrej Sekera.
4:21 of 3rd period - Stopped by David LeNeveu with a rebound.
4:39 of 3rd period - Backhand shot by Jaroslav Balastik.
4:39 of 3rd period - Stopped by Josh Harding with a rebound.
4:41 of 3rd period - Slapshot by Bryan Young.
4:41 of 3rd period - Stopped by Josh Harding without a rebound.
4:42 of 3rd period - Artem Anisimov wins face-off versus Colin Wilson in Inferno zone.
5:16 of 3rd period - Snap shot by Vladimir Sobotka.
5:16 of 3rd period - Shot Misses the Net.
5:31 of 3rd period - Icing by Colten Teubert.
5:32 of 3rd period - Colin Wilson wins face-off versus Richard Panik in Gangsters zone.
5:46 of 3rd period - Snap shot by Colten Teubert.
5:46 of 3rd period - Deflect By Richard Panik.
5:46 of 3rd period - Shot Misses the Net.
5:46 of 3rd period - Puck is out of play.
5:47 of 3rd period - Alexandre Bolduc wins face-off versus Vladimir Sobotka in Inferno zone.
5:50 of 3rd period - Slapshot by Ryan Keller.
5:50 of 3rd period - Stopped by Josh Harding without a rebound.
5:51 of 3rd period - Alexandre Bolduc wins face-off versus Vladimir Sobotka in Inferno zone.
5:58 of 3rd period - Wrist shot by Ryan Keller.
5:58 of 3rd period - Shot Blocked by Travis Hamonic.
6:30 of 3rd period - Wrist shot by Stephane Veilleux.
6:30 of 3rd period - Deflect By Ville Koistinen.
6:30 of 3rd period - Stopped by David LeNeveu with a rebound.
6:32 of 3rd period - Snap shot by Pavel Vorobiev.
6:32 of 3rd period - Shot Blocked by Bryan Young.
7:20 of 3rd period - Snap shot by Stephane Veilleux.
7:20 of 3rd period - Stopped by David LeNeveu without a rebound.
7:21 of 3rd period - Colin Wilson wins face-off versus Alexandre Bolduc in Gangsters zone.
8:15 of 3rd period - Snap shot by Tyler Shattock.
8:15 of 3rd period - Stopped by David LeNeveu without a rebound.
8:16 of 3rd period - Ben Holmstrom wins face-off versus Colin Wilson in Gangsters zone.
8:16 of 3rd period - Ben Holmstrom is hit by Brad Marchand.
8:42 of 3rd period - Igor Radulov is hit by Mark Mitera.
8:51 of 3rd period - Icing by Alexandre Bolduc.
8:52 of 3rd period - Colin Wilson wins face-off versus Alexandre Bolduc in Gangsters zone.
9:05 of 3rd period - Wrist shot by Alexandre Bolduc.
9:05 of 3rd period - Stopped by Josh Harding without a rebound.
9:06 of 3rd period - Artem Anisimov wins face-off versus Colin Wilson in Inferno zone.
9:07 of 3rd period - Backhand shot by Jaroslav Balastik.
9:07 of 3rd period - Stopped by Josh Harding with a rebound.
9:09 of 3rd period - Slapshot by Ville Koistinen.
9:09 of 3rd period - Shot Misses the Net.
9:11 of 3rd period - Slapshot by Bryan Young.
9:11 of 3rd period - Stopped by Josh Harding with a rebound.
9:17 of 3rd period - Wrist shot by Jaroslav Balastik.
9:17 of 3rd period - Deflect By Mikko Lehtonen.
9:17 of 3rd period - Stopped by Josh Harding without a rebound.
9:18 of 3rd period - Alexandre Bolduc wins face-off versus Colin Wilson in Inferno zone.
9:19 of 3rd period - Snap shot by Igor Radulov.
9:19 of 3rd period - Shot Blocked by Brad Marchand.
9:21 of 3rd period - Minor Penalty to Brad Marchand for Tripping.
9:22 of 3rd period - Brian Boyle wins face-off versus Alexandre Bolduc in Inferno zone.
11:21 of 3rd period - Penalty to Brad Marchand is over, Brad Marchand is back on ice.
11:52 of 3rd period - Icing by Brad Marchand.
11:53 of 3rd period - Ben Holmstrom wins face-off versus Brian Boyle in Inferno zone.
12:00 of 3rd period - Wrist shot by Dave Dziurzynski.
12:00 of 3rd period - Deflect By Richard Panik.
12:00 of 3rd period - Deflect By David Ullstrom.
12:00 of 3rd period - Stopped by Josh Harding without a rebound.
12:01 of 3rd period - Colin Wilson wins face-off versus Alexandre Bolduc in Inferno zone.
12:01 of 3rd period - Andrej Sekera is hit by Ryan Keller and loses puck.
12:26 of 3rd period - Slapshot by Brian Boyle.
12:26 of 3rd period - Shot Blocked by Alexandre Bolduc.
12:28 of 3rd period - Snap shot by David Ullstrom.
12:28 of 3rd period - Shot Misses the Net.
12:30 of 3rd period - Snap shot by Alex Berry.
12:30 of 3rd period - Deflect By Brian Boyle.
12:30 of 3rd period - Stopped by David LeNeveu without a rebound.
12:31 of 3rd period - Artem Anisimov wins face-off versus Brian Boyle in Gangsters zone.
12:31 of 3rd period - Artem Anisimov is hit by David Ullstrom.
13:10 of 3rd period - Snap shot by Jonathan Ferland.
13:10 of 3rd period - Shot Blocked by Dave Dziurzynski.
13:40 of 3rd period - Artem Anisimov is hit by Matt Kassian and loses puck.
14:01 of 3rd period - Slapshot by Brendan Mikkelson.
14:01 of 3rd period - Stopped by David LeNeveu with a rebound.
14:07 of 3rd period - David Ullstrom is hit by Shaun Heska and loses puck.
14:38 of 3rd period - Brendan Mikkelson is hit by Ryan Keller and loses puck.
15:08 of 3rd period - Wrist shot by Igor Radulov.
15:08 of 3rd period - Shot Misses the Net.
15:14 of 3rd period - Snap shot by Igor Radulov.
15:14 of 3rd period - Stopped by Josh Harding without a rebound.
15:15 of 3rd period - Colin Wilson wins face-off versus Artem Anisimov in Inferno zone.
15:20 of 3rd period - Snap shot by Jonathan Ferland.
15:20 of 3rd period - Stopped by David LeNeveu with a rebound.
15:22 of 3rd period - Snap shot by Brad Marchand.
15:22 of 3rd period - Stopped by David LeNeveu with a rebound.
15:24 of 3rd period - Slapshot by Mark Mitera.
15:24 of 3rd period - Stopped by David LeNeveu without a rebound.
15:25 of 3rd period - Colin Wilson wins face-off versus Artem Anisimov in Gangsters zone.
15:30 of 3rd period - Wrist shot by Jonathan Ferland.
15:30 of 3rd period - Shot Misses the Net.
15:32 of 3rd period - Snap shot by Brad Marchand.
15:32 of 3rd period - Shot Misses the Net.
15:34 of 3rd period - Slapshot by Mark Mitera.
15:34 of 3rd period - Deflect By Jonathan Ferland.
15:34 of 3rd period - Goal by Jonathan Ferland - Inferno : 4 - Gangsters : 5.
15:35 of 3rd period - Brian Boyle wins face-off versus Maxime Sauvé in neutral zone.
16:28 of 3rd period - Stephane Veilleux is hit by Jaroslav Balastik and loses puck.
16:57 of 3rd period - Slapshot by Brendan Mikkelson.
16:57 of 3rd period - Shot Blocked by Matt Delahey.
17:19 of 3rd period - Slapshot by Yannick Weber.
17:19 of 3rd period - Shot Blocked by Maxime Sauvé.
18:02 of 3rd period - Slapshot by Stephane Veilleux.
18:02 of 3rd period - Stopped by David LeNeveu with a rebound.
18:19 of 3rd period - Off-side.
18:20 of 3rd period - Colin Wilson wins face-off versus Alexandre Bolduc in neutral zone.
18:29 of 3rd period - Brad Marchand is hit by Alexandre Bolduc and loses puck.
19:01 of 3rd period - Inferno, Josh Harding is pulled from the net.
19:01 of 3rd period - Wrist shot by Colin Wilson.
19:01 of 3rd period - Goal by Colin Wilson - Inferno : 5 - Gangsters : 5.
19:01 of 3rd period - Josh Harding from Inferno was sent back in the game.
19:02 of 3rd period - Maxime Sauvé wins face-off versus Brian Boyle in neutral zone.
19:05 of 3rd period - Slapshot by Bryan Young.
19:05 of 3rd period - Deflect By Chris Bourque.
19:05 of 3rd period - Shot Blocked by Andrej Sekera.
19:05 of 3rd period - Puck is out of play.
19:06 of 3rd period - Chris Bourque wins face-off versus Brian Boyle in Inferno zone.
19:48 of 3rd period - Minor Penalty to Ben Holmstrom for Roughing.
19:49 of 3rd period - Colin Wilson wins face-off versus Igor Radulov in Gangsters zone.
19:50 of 3rd period - Slapshot by Jonathan Ferland.
19:50 of 3rd period - Shot Misses the Net.
19:52 of 3rd period - Wrist shot by Colin Wilson.
19:52 of 3rd period - Stopped by David LeNeveu with a rebound.
19:54 of 3rd period - Snap shot by Travis Hamonic.
19:54 of 3rd period - Shot Blocked by Colten Teubert.
19:56 of 3rd period - Snap shot by Travis Hamonic.
19:56 of 3rd period - Shot Misses the Net.
19:58 of 3rd period - Backhand shot by Andrej Sekera.
19:58 of 3rd period - Deflect By Jonathan Ferland.
19:58 of 3rd period - Shot Blocked by Shaun Heska.
19:58 of 3rd period - Puck is out of play.
19:59 of 3rd period - Igor Radulov wins face-off versus Colin Wilson in Gangsters zone.
Goals for this period are 2 for Inferno vs 2 for Gangsters.
Shots for this period are 19 for Inferno vs 14 for Gangsters.

Overtime #1


0:01 of 1st overtime period - Igor Radulov wins face-off versus Colin Wilson in neutral zone.
0:08 of 1st overtime period - Slapshot by Igor Radulov.
0:08 of 1st overtime period - Stopped by Josh Harding with a rebound.
0:52 of 1st overtime period - Slapshot by Andrej Sekera.
0:52 of 1st overtime period - Shot Misses the Net.
1:48 of 1st overtime period - Penalty to Ben Holmstrom is over, Ben Holmstrom is back on ice.
1:57 of 1st overtime period - Ville Koistinen is hit by Jonathan Ferland and loses puck.
2:19 of 1st overtime period - Colin Wilson is hit by Mikko Lehtonen and loses puck.
4:01 of 1st overtime period - Ben Holmstrom is hit by Brian Boyle and loses puck.
Goals for this period are 0 for Inferno vs 0 for Gangsters.
Shots for this period are 0 for Inferno vs 1 for Gangsters.

ShootOut


5:00 of 1st overtime period - Penalty Shot by Stephane Veilleux for Inferno.
5:00 of 1st overtime period - Snap shot by Stephane Veilleux.
5:00 of 1st overtime period - Shot Misses the Net.
5:00 of 1st overtime period - Penalty Shot by Igor Radulov for Gangsters.
5:00 of 1st overtime period - Backhand shot by Igor Radulov.
5:00 of 1st overtime period - Stopped by Josh Harding.
5:00 of 1st overtime period - Penalty Shot by Colin Wilson for Inferno.
5:00 of 1st overtime period - Snap shot by Colin Wilson.
5:00 of 1st overtime period - Stopped by David LeNeveu.
5:00 of 1st overtime period - Penalty Shot by Jaroslav Balastik for Gangsters.
5:00 of 1st overtime period - Deke by Jaroslav Balastik.
5:00 of 1st overtime period - Shot Misses the Net.
5:00 of 1st overtime period - Penalty Shot by Brad Marchand for Inferno.
5:00 of 1st overtime period - Wrist shot by Brad Marchand.
5:00 of 1st overtime period - Stopped by David LeNeveu.
5:00 of 1st overtime period - Penalty Shot by Ryan Keller for Gangsters.
5:00 of 1st overtime period - Snap shot by Ryan Keller.
5:00 of 1st overtime period - Shot Misses the Net.
5:00 of 1st overtime period - Penalty Shot by Jonathan Ferland for Inferno.
5:00 of 1st overtime period - Snap shot by Jonathan Ferland.
5:00 of 1st overtime period - Goal by Jonathan Ferland.
5:00 of 1st overtime period - Penalty Shot by Chris Bourque for Gangsters.
5:00 of 1st overtime period - Deke by Chris Bourque.
5:00 of 1st overtime period - Stopped by Josh Harding.


Output by the SimonT Hockey Simulator (STHS) for François Prévost -- Original Page W3C XHTML 1.0 Valid
Hockey Simulator - Hockey Simulation - Hockey Manager